 Dungeon Crawl Stone Soup version 0.28.0-53-g5a82cb258f (webtiles) character file.

Game seed: 13707185902813942586

287 BeingJoeMalik the Firebug (level 6, -6/34 HPs)
             Began as a Tengu Fire Elementalist on July 26, 2022.
             Mangled by Duvessa
             ... wielding a +0 short sword of freezing
              (12 damage)
             ... on level 5 of the Dungeon.
             The game lasted 00:11:57 (3131 turns).

BeingJoeMalik the Firebug (Tengu Fire Elementalist) Turns: 3131, Time: 00:11:58

Health: -6/34      AC:  6    Str:  8    XL:     6   Next: 30%
Magic:  1/11       EV: 18    Int: 18    God:
Gold:   154        SH:  0    Dex: 14    Spells: 7/10 levels left

rFire   + . .      SeeInvis .   b - staff of fire
rCold   . . .      Faith    .   (no shield)
rNeg    + . .      Spirit   .   a - +0 robe
rPois   .          Reflect  .   (helmet restricted)
rElec   .          Harm     .   p - +0 cloak
rCorr   .          Rampage  .   h - +2 pair of gloves
Will    .....                   (boots unavailable)
Stlth   ++........              (no amulet)
HPRegen 0.11/turn               c - ring of positive energy
MPRegen 0.12/turn               g - +4 ring of evasion

@: flying quickly and evasively, invisible, quick
A: beak, talons 3, nimble flight
a: no special abilities


You were on level 5 of the Dungeon.
You visited 1 branch of the dungeon, and saw 5 of its levels.

You collected 154 gold pieces.

Inventory:

Hand Weapons
 n - a +2 dagger of flaming
Armour
 a - a +0 robe (worn)
 h - a +2 pair of gloves (worn)
 p - a +0 cloak (worn)
Magical Staves
 b - a staff of fire (weapon)
Jewellery
 c - a ring of positive energy (left hand)
 g - a +4 ring of evasion (right hand)
 o - a ring of protection from fire
Wands
 e - a wand of digging (5)
Scrolls
 f - a scroll of blinking
 j - a scroll of teleportation
Potions
 i - a potion of flight
 l - a potion of mutation


   Skills:
 * Level 1.4 Fighting
 - Level 2.1 Dodging
 - Level 2.0 Stealth
 + Level 2.6 Spellcasting
 + Level 4.6 Conjurations
 + Level 5.7 Fire Magic


You had 7 spell levels left.
You knew the following spells:

 Your Spells              Type           Power      Damage    Failure   Level
a - Foxfire               Conj/Fire      100%       2x1d9     1%          1
b - Scorch                Fire           68%        2d8       2%          2

Your spell library contained the following spells:

 Spells                   Type           Power      Damage    Failure   Level
 Conjure Flame            Conj/Fire      31%        6-21      6%          3
 Inner Flame              Hex/Fire       19%        N/A       16%         3
 Dazzling Flash           Conj/Hex       20%        N/A       19%         3
 Flame Wave               Conj/Fire      31%        2d8       21%         4
 Agony                    Necr           2%         N/A       99%         5
 Silence                  Hex/Air        1%         N/A       99%         5


Dungeon Overview and Level Annotations

Branches:
Dungeon (5/15)
 Temple: D:4-7

Altars:
Ashenzari
Dithmenos
Kikubaaqudgha
Qazlal

Annotations:
D:5 Duvessa


Innate Abilities, Weirdness & Mutations

You have a beak for a mouth.
You have claws for feet.
Your magical nature lets you fly swiftly and evasively.


Message History

Duvessa's fire resistance burns away.
Duvessa closely misses you.
Unknown command.
Casting: Scorch (safe; 2% risk of failure)
Confirm with . or Enter, or press ? or * to list all spells.
You feel a surge of power!
Flames lash Duvessa but do no damage.
Casting: Scorch (safe; 2% risk of failure)
Confirm with . or Enter, or press ? or * to list all spells.
You feel a surge of power!
Flames lash Duvessa but do no damage.
Duvessa closely misses you.
Casting: Scorch (safe; 2% risk of failure)
Confirm with . or Enter, or press ? or * to list all spells.
You feel a surge of power!
Flames lash Duvessa.
Duvessa is almost dead.
Duvessa misses you.
Casting: Scorch (safe; 2% risk of failure)
Confirm with . or Enter, or press ? or * to list all spells.
You feel a surge of power!
Flames lash Duvessa.
Duvessa is burned terribly!
Duvessa is almost dead.
Duvessa barely misses you. Duvessa closely misses you.
Unknown command.
Okay, then.
Unknown command.
Unknown command.
Duvessa rages.
Duvessa misses you.
Duvessa hits you with a +0 short sword of freezing!
* * * LOW HITPOINT WARNING * * *
Duvessa freezes you.
* * * LOW HITPOINT WARNING * * *
Duvessa is no longer more vulnerable to fire.
Casting: Scorch (safe; 2% risk of failure)
Confirm with . or Enter, or press ? or * to list all spells.
You feel a surge of power!
You conjure some foxfire!
Duvessa shouts!
The foxfire hits Duvessa.
Duvessa is almost dead.
Your foxfire dissipates!
Duvessa closely misses you.
Duvessa hits you with a +0 short sword of freezing!
You die...

#...#...# #.## #.#
#...##.## #..# #.#
#...##.# ##.# ##.#
#.####.# #.# #..#
#§####.# #.# #.##
#.§....# ##.## #.#
####.### ##...## #.#
####.#####.....####.#
###.##...e@...........#
#.......####.....######
#...##.## ##...##
######.# ##.## #.# ###
#.# #.# ..# ...


You could see Duvessa (berserk).

Vanquished Creatures
  Dowan (D:5)
  2 hounds
  A centaur skeleton (D:5)
  A hound skeleton (D:3)
  4 adders
  3 gnolls (D:5)
  An adder skeleton (D:4)
  4 worms
  An orc (D:3)
  7 bats
  7 endoplasms
  6 goblins
  4 hobgoblins
  4 jackals (D:3)
  A quokka (D:3)
  5 ball pythons
  3 frilled lizards
  6 kobolds
  5 rats
66 creatures vanquished.

Vanquished Creatures (others)
  168 foxfires
168 creatures vanquished.

Grand Total: 234 creatures vanquished

Notes
Turn   | Place    | Note
-------+----------+-------------------------------------------
     0 | D:1      | BeingJoeMalik the Tengu Fire Elementalist began the quest
                  | for the Orb.
     0 | D:1      | Reached XP level 1. HP: 10/10 MP: 4/4
     1 | D:1      | Noticed an electric eel
   210 | D:1      | Reached XP level 2. HP: 15/15 MP: 3/6
   240 | D:1      | Learned a level 2 spell: Scorch
   904 | D:2      | Reached XP level 3. HP: 19/19 MP: 5/7
  1102 | D:2      | Reached skill level 4 in Fire Magic
  1578 | D:3      | Found a faded altar of an unknown god.
  1599 | D:3      | Reached XP level 4. HP: 24/24 MP: 5/8
  1884 | D:3      | Reached skill level 5 in Fire Magic
  2271 | D:4      | Identified a scroll of acquirement
  2271 | D:4      | Acquired a staff of fire
  2376 | D:4      | Gained mutation: Your magical nature lets you fly swiftly
                  | and evasively. [Tengu growth]
  2376 | D:4      | Reached XP level 5. HP: 25/28 MP: 5/9
  2773 | D:5      | Entered Level 5 of the Dungeon
  2891 | D:5      | Reached skill level 1 in Fighting
  2975 | D:5      | Reached XP level 6. HP: 34/34 MP: 6/10
  3086 | D:5      | Found a broken altar of Ashenzari.
  3087 | D:5      | Found a stormy altar of Qazlal.
  3090 | D:5      | Found an ancient bone altar of Kikubaaqudgha.
  3093 | D:5      | Found a shadowy altar of Dithmenos.
  3093 | D:5      | Noticed Dowan
  3098 | D:5      | Killed Dowan
  3098 | D:5      | Noticed Duvessa
  3131 | D:5      | Mangled by Duvessa

Illustrated notes

Levels and vault maps discovered:
D:1:      arrival_aquarium_a, layout_basic, serial_forest,
          infiniplex_forest_lined_ring, infiniplex_forest_lined_ring,
          infiniplex_forest_straight_5, infiniplex_forest_clump_small,
          infiniplex_forest_straight_4
D:2:      layout_loops_ring, corexii_item_surrounded_by_moat
D:3:      minmay_diamond_boxcup, layout_rooms,
          shapermc_ecumenical_altar_starsandcircs
D:4:      layout_basic, serial_glass, glass_columns_c, glass_columns_a,
          item_on_display_a, minmay_vboxes
D:5:      layout_loops_ring, nicolae_overflow_hallway_of_the_gods,
          nrook_loot_triangle, minmay_lizard_king, uniq_duvessa

Skill      XL: |  1  2  3  4  5 |
---------------+----------------+-----
Conjurations   | 2 3 4 |  4.6
Fire Magic     | 4 5 |  5.7
Fighting       | 1 |  1.4
Dodging        | |  2.1
Stealth        | |  2.0
Spellcasting   | |  2.6

Action                   |  1- 3 |  4- 6 || total
-------------------------+-------+-------++-------
Melee: Unarmed           |     3 |       ||     3
       Kick              |     1 |       ||     1
 Cast: Foxfire           |    45 |    54 ||    99
       Scorch            |       |    12 ||    12
  Use: Scroll            |       |    11 ||    11
       Potion            |       |     2 ||     2
Armor: Robe              |     2 |     2 ||     4
Dodge: Dodged            |     4 |    48 ||    52
